 Dungeon Crawl Stone Soup version 0.29.1-14-g9c671dbff4 (webtiles) character file.

Game seed: 16366073157979357861

58 Sanktem7 the Trooper (level 3, -4/34 HPs)
             Began as a Minotaur Fighter on Feb 17, 2023.
             Slain by Sigmund
             ... wielding a +0 scythe
              (10 damage)
             ... on level 2 of the Dungeon on Feb 18, 2023.
             The game lasted 00:02:59 (800 turns).

Sanktem7 the Trooper (Minotaur Fighter)              Turns: 800, Time: 00:03:00

Health: -4/34      AC:  7    Str: 22    XL:     3   Next: 76%
Magic:  2/2        EV:  9    Int:  5    God:
Gold:   63         SH:  4    Dex:  9    Spells: 2/2 levels left

rFire   . . .      SeeInvis .   a - +0 war axe {axe}
rCold   . . .      Faith    .   c - +0 buckler
rNeg    . . .      Spirit   .   b - +0 scale mail
rPois   .          Reflect  .   (helmet restricted)
rElec   .          Harm     .   (no cloak)
rCorr   .          Rampage  .   (no gloves)
Will    .....                   (no boots)
Stlth   ..........              (no amulet)
HPRegen 0.11/turn               (no ring)
MPRegen 0.08/turn               (no ring)

@: no status effects
A: horns 2, retaliatory headbutt
a: no special abilities


You were on level 2 of the Dungeon.
You visited 1 branch of the dungeon, and saw 2 of its levels.

You collected 63 gold pieces.


Innate Abilities, Weirdness & Mutations

You have a pair of horns on your head.
You reflexively headbutt those who attack you in melee.


   Skills:
 * Level 4.5 Fighting
 * Level 3.7 Axes
 + Level 4.1 Armour
 - Level 3.6 Shields


You had 2 spell levels left.
You didn't know any spells.
Your spell library was empty.

Inventory:

Hand Weapons
 a - a +0 war axe (weapon) {axe}
Missiles
 e - 9 stones (quivered) {throwing}
Armour
 b - a +0 scale mail (worn)
 c - a +0 buckler (worn)
Jewellery
 l - an amulet of magic regeneration {@e2}
   (You found it on level 1 of the Dungeon)
Scrolls
 f - a scroll of identify {unknown}
 h - 2 scrolls of torment {unknown}
 j - a scroll of blinking {unknown}
 m - a scroll of fear {unknown}
Potions
 d - a potion of might
 g - a potion of magic {unknown}
 i - 2 potions of attraction {unknown}
 k - a potion of curing {unknown}

Dungeon Overview and Level Annotations

Branches:
Dungeon (2/15) Zot: 11166

Altars:

Shops:
D:1 [

Annotations:
D:2 Sigmund

##.##...#.........#....
##.#.....[........#[.#
.........>.#........#
##..................#
#................######
#.......####.......#...
#..................)...
#...)......#...........
#.....@{..##.....###...
.#..$.....###.....# #...
.<.........###.#######...
........(...)†...<.......
#################.####.##
[........#....#
###.####.#....# #.#....#
#.####.#


There were no monsters in sight!


Message History

A frilled lizard and an adder come into view.
The adder hisses angrily.
You hit the adder. You block the adder's attack. The adder bites you.
The frilled lizard barely misses you. 😕 HP[-1]
You take 1 damage, and now have 33/34 hp.
You closely miss the adder. You closely miss the frilled lizard.
You block the adder's attack. The frilled lizard closely misses you.
The adder bites you but does no damage.
You hit the adder. Your headbutt misses the adder.
You slash the frilled lizard!
You kill the frilled lizard!
The adder bites you but does no damage. The adder closely misses you.
You furiously retaliate!
You headbutt the adder.
You kill the adder! 😎 HP[+1]
Your hp is fully restored (34).
Level annotation: Sigmund 🤖 Initializing magus.rc ...
Options error: Delay interrupt name "hungry" not recognised. (~/.crawlrc:4856) Options error: Bad monster_list_colour key: strict_neutral (~/.crawlrc:4871) Bad channel name for runrest: 'pray:' ✅ Successfully initialized magus.rc [v1.9.6] Welcome back, Sanktem7 the Minotaur Fighter.
Press ? for a list of commands and other information.
There is a stone staircase leading up here.
There is a stone staircase leading up here.
You see here a ball python corpse.
Things that are here:
a +0 short sword {short}; a kobold corpse; a quokka corpse Sigmund shouts!
You hear a shout!
Sigmund gestures wildly while chanting.
Sigmund flickers and vanishes!
Deactivating autopickup; reactivate with Ctrl-A.
A goblin comes into view. It is wielding a +2 mace of protection.
A goblin is nearby!
A goblin is nearby!
A goblin is nearby!
A goblin is nearby!
The goblin throws a stone.
The stone closely misses you. Something hits you but does no damage.
The goblin hits you with a +2 mace of protection. 😕 HP[-6]
You take 6 damage, and now have 28/34 hp.
You barely miss the goblin.
You hear some strange, mumbled words.
Something tries to affect you, but you resist.
The goblin misses you.
You closely miss the goblin.
You headbutt the goblin, but do no damage.
Something hits you. The goblin closely misses you. You furiously retaliate!
You headbutt the goblin. 😕 HP[-1]
You take 1 damage, and now have 27/34 hp.
You closely miss the goblin.
You headbutt the goblin, but do no damage.
Something hits you. You block the goblin's attack. x2
You barely miss the goblin. You headbutt the goblin.
You kill the goblin!
Something hits you. 😮 HP[-5]
You take 5 damage, and now have 22/34 hp.
You are too injured to fight recklessly!
You are too injured to fight recklessly!
You are too injured to fight recklessly!
You are too injured to fight recklessly!
You are too injured to fight recklessly!
You are too injured to fight recklessly!
You are too injured to fight recklessly!
You are too injured to fight recklessly!
You are too injured to fight recklessly!
You are too injured to fight recklessly!
You are too injured to fight recklessly!
You are too injured to fight recklessly!
You are too injured to fight recklessly!
You are too injured to fight recklessly!
You are too injured to fight recklessly!
You are too injured to fight recklessly!
You are too injured to fight recklessly!
You are too injured to fight recklessly!
You are too injured to fight recklessly!
You are too injured to fight recklessly!
You are too injured to fight recklessly!
You are too injured to fight recklessly!
Something hits you. 😮 HP[-4]
You take 4 damage, and now have 18/34 hp.
You miss something. Something hits you.
* * * LOW HITPOINT WARNING * * *
😨 HP[-5]
You take 5 damage, and now have 13/34 hp.
You closely miss something. Something hits you.
* * * LOW HITPOINT WARNING * * *
You barely miss something. Your headbutt misses something. Something hits you.
* * * LOW HITPOINT WARNING * * *
😱 HP[-7]
You take 7 damage, and now have 6/34 hp.
MASSIVE DAMAGE!! (PAUSE)
You closely miss something. Something hits you!
You die...

Skill      XL: |  1  2 |
---------------+-------+-----
Fighting       | 4 |  4.5
Axes           | 3 |  3.7
Armour         | 4 |  4.1
Shields        | |  3.6

Action                   || total
-------------------------++-------
Melee: War axe           ||    80
       Headbutt          ||    11
Armor: Scale mail        ||    32
Dodge: Dodged            ||    53
Block: Buckler           ||    22

Levels and vault maps discovered:
D:1:      matt_arrival_debris, layout_basic, serial_shops,
          nicolae_shop_waterfront
D:2:      minmay_door_path, layout_rooms,
          shapermc_ecumenical_altar_starsandcircs, minmay_pentomino_u2,
          uniq_sigmund, uniq_crazy_yiuf_cottage

Notes
Turn   | Place    | Note
-------+----------+-------------------------------------------
     0 | D:1      | Sanktem7 the Minotaur Fighter began the quest for the Orb.
     0 | D:1      | Reached XP level 1. HP: 19/19 MP: 0/0
     0 | D:1      | magus.rc [v1.9.6]
    99 | D:1      | Reached XP level 2. HP: 27/27 MP: 1/1
   100 | D:1      | Reached skill level 4 in Fighting
   110 | D:1      | Reached skill level 3 in Axes
   377 | D:1      | Reached skill level 4 in Armour
   380 | D:1      | Reached XP level 3. HP: 33/33 MP: 2/2
   399 | D:1      | Found Horras's Armour Emporium.
   685 | D:2      | Noticed Sigmund
   771 | D:2      | magus.rc [v1.9.6]
   799 | D:2      | HP: 6/34 [something (6)]
   800 | D:2      | Slain by Sigmund

Vanquished Creatures
  An adder (D:2)
  A dart slug (D:1)
  6 ball pythons
  4 bats
  2 endoplasms (D:1)
  5 giant cockroaches (D:1)
  4 goblins
  4 hobgoblins (D:1)
  2 jackals (D:1)
  2 quokkas
  4 frilled lizards
  5 kobolds
  3 rats
43 creatures vanquished.

Table legend:
 A = Non-vault XP
 B = Vault XP
 C = Vault XP percentage of total XP
 D = Non-vault monster count
 E = Vault monster count
 F = Vault count percentage of total count
                 A         B        C        D         E       F
            +---------+---------+-------+---------+---------+-------
      Total |      84 |       0 |   0.0 |      43 |       0 |   0.0
            +---------+---------+-------+---------+---------+-------
        D:1 |      54 |       0 |   0.0 |      30 |       0 |   0.0
        D:2 |      30 |       0 |   0.0 |      13 |       0 |   0.0
            +---------+---------+-------+---------+---------+-------

Illustrated notes

Table legend:
 A = Kills in this place as a percentage of kills in entire the game.
 B = Kills by you in this place as a percentage of kills by you in the entire game.
 C = Kills by friends in this place as a percentage of kills by friends in the entire game.
 D = Other kills in this place as a percentage of other kills in the entire game.
 E = Experience gained in this place as a percentage of experience gained in the entire game.
 F = Experience gained in this place divided by the number of levels of this place that you have seen.
                   A       B       C       D       E      F
               +-------+-------+-------+-------+-------+----------------------
         Total | 100.0 | 100.0 |   N/A |   N/A | 100.0 |  42.0
       Dungeon | 100.0 | 100.0 |   N/A |   N/A | 100.0 |  42.0
               +-------+-------+-------+-------+-------+----------------------

Table legend: (Time is in decaauts)
 A = Elapsed time spent in this place.
 B = Non-inter-level travel time spent in this place.
 C = Inter-level travel time spent in this place.
 D = Time resting spent in this place.
 E = Time spent auto-exploring this place.
 F = Levels seen in this place.
 G = Mean time per level.
                   A        B        C        D        E       F      G
               +--------+--------+--------+--------+--------+-----+--------+
         Total |    832 |    820 |     12 |      0 |    540 |   2 |  416.0 |
       Dungeon |    832 |    820 |     12 |      0 |    540 |   2 |  416.0 |
               +--------+--------+--------+--------+--------+-----+--------+

Top non-repeatable levels by time:
     D:1: 659 daAuts
     D:2: 173 daAuts
